 Dungeon Crawl Stone Soup version 0.24.0-123-gd5b16e6ec5 (webtiles) character file.

Game seed: 7314973837965299498, levelgen mode: deterministic

221 Andrea the Shooter (level 5, 0/40 HPs)
             Began as a Centaur Arcane Marksman on Jan 7, 2020.
             Slain by a kobold
             ... wielding a +0 whip
              (2 damage)
             ... on level 7 of the Dungeon.
             The game lasted 00:08:50 (3115 turns).

Andrea the Shooter (Centaur Arcane Marksman)        Turns: 3115, Time: 00:08:51

Health: 0/40       AC:  4    Str: 13    XL:     5   Next: 65%
Magic:  8/8        EV:  9    Int: 12    God:
Gold:   123        SH:  0    Dex: 10    Spells: 7/8 levels left

rFire    . . .     SeeInvis .   i - +0 mace
rCold    . . .     Gourm    .   (no shield)
rNeg     . . .     Faith    .   (no armour)
rPois    .         Spirit   .   (no helmet)
rElec    .         Reflect  .   k - +0 cloak
rCorr    .         Harm     .   (no gloves)
MR       .....                  (no barding)
Stlth    +.........             (no amulet)
HPRegen  0.13/turn              (no ring)
MPRegen  0.11/turn              (no ring)

@: studying Armour, very quick
A: large, hooves 3, deformed body, speed 2, tough skin 3
a: no special abilities


You were on level 7 of the Dungeon.
You were not hungry.

You visited 1 branch of the dungeon, and saw 5 of its levels.

You collected 123 gold pieces.

Inventory:

Hand Weapons
 a - a +0 shortbow
 i - a +0 mace (weapon)
Missiles
 d - 53 arrows
 w - 24 poisoned darts (quivered)
Armour
 e - a +0 robe
 k - a +0 cloak (worn)
Wands
 v - a wand of polymorph (5)
Scrolls
 b - 2 scrolls of random uselessness {unknown}
 c - a scroll of immolation {unknown}
 g - a scroll of enchant weapon {unknown}
 h - 2 scrolls of fear {unknown}
 l - 2 scrolls of teleportation {unknown}
 n - 7 scrolls of identify {unknown}
 q - 2 scrolls of amnesia {unknown}
 t - 2 scrolls of remove curse {unknown}
Potions
 j - a potion of flight {unknown}
 m - a potion of degeneration {unknown}
 o - a potion of curing {unknown}
 p - 2 potions of agility {unknown}
 r - a potion of mutation {unknown}
 s - 3 potions of haste {unknown}
 u - a potion of heal wounds {unknown}
 x - a potion of might {unknown}
 z - a potion of resistance {unknown}
 A - a potion of lignification {unknown}
Books
 y - a manual of Armour
Comestibles
 f - 7 rations


   Skills:
 - Level 1.0 Fighting
 * Level 5.9 Bows
 - Level 1.3 Dodging
 + Level 2.2 Spellcasting
 + Level 3.7 Hexes


You had 7 spell levels left.
You knew the following spells:

 Your Spells              Type           Power        Failure   Level  Hunger
a - Corona                Hex            ##.....      6%          1    ##.....

Your spell library contained the following spells:

 Spells                   Type           Power        Failure   Level  Hunger
 Slow                     Hex            ##......     9%          2    ###....
 Inner Flame              Hex/Fire       #.......     36%         3    ####...
 Portal Projectile        Hex/Tloc       #.....       36%         3    ####...
 Cause Fear               Hex            ##........   50%         4    #####..
 Leda's Liquefaction      Hex/Erth       #.........   77%         4    #####..


Dungeon Overview and Level Annotations

Branches:
Dungeon (4/15)
 Temple: D:4-7

Altars:
Trog
Uskayaw

Annotations:
D:3 2 transporters
D:4 Blork the orc, Pikel


Innate Abilities, Weirdness & Mutations

You have hooves in place of feet.
Armour fits poorly on your strangely shaped body.
You cover ground very quickly.
You have extremely tough skin. (AC +3)


Message History

* * * LOW HITPOINT WARNING * * *
You miss the big kobold.
The big kobold is heavily wounded.
The kobold completely misses you. The big kobold hits you.
* * * LOW HITPOINT WARNING * * *
You closely miss the big kobold. You kick the big kobold.
The big kobold is severely wounded.
The kobold hits you but does no damage. The big kobold hits you.
* * * LOW HITPOINT WARNING * * *
You barely miss the big kobold.
The big kobold is severely wounded.
The kobold hits you with a +0 whip.
* * * LOW HITPOINT WARNING * * *
The big kobold closely misses you. The kobold closely misses you.
The big kobold hits you.
* * * LOW HITPOINT WARNING * * *
You closely miss the big kobold.
The big kobold is severely wounded.
The kobold hits you with a +0 whip.
You die...

#####
#@KK#
#K###a#
#K# #K
#


You could see a big kobold, a worker ant and 4 kobolds.

Vanquished Creatures
  A hound (D:4)
  Natasha (thrice) (D:3)
  4 adders
  An ooze (D:3)
  A dart slug (D:1)
  A leopard gecko (D:3)
  4 orcs
  9 bats
  4 giant cockroaches
  5 goblins
  6 hobgoblins
  8 jackals (D:1)
  7 kobolds
  A quokka (D:3)
  8 frilled lizards
  5 rats
68 creatures vanquished.

Notes
Turn   | Place    | Note
-------+----------+-------------------------------------------
     0 | D:1      | Andrea the Centaur Arcane Marksman began the quest for the
                  | Orb.
     0 | D:1      | Reached XP level 1. HP: 16/16 MP: 2/2
    61 | D:1      | Reached skill level 3 in Bows
   132 | D:1      | Reached XP level 2. HP: 12/23 MP: 3/3
   913 | D:1      | Reached XP level 3. HP: 27/28 MP: 5/5
  1132 | D:2      | Found a bloodstained altar of Trog.
  1315 | D:2      | Reached skill level 4 in Bows
  1701 | D:2      | Reached XP level 4. HP: 35/35 MP: 6/6
  1770 | D:2      | Found a hide-covered altar of Uskayaw.
  2035 | D:3      | Found a transporter.
  2052 | D:3      | Found a transporter.
  2125 | D:3      | Noticed Natasha
  2133 | D:3      | Killed Natasha
  2150 | D:3      | Noticed Natasha
  2159 | D:3      | Killed Natasha
  2159 | D:3      | Reached skill level 5 in Bows
  2241 | D:3      | Reached XP level 5. HP: 37/40 MP: 7/7
  2646 | D:3      | Noticed Natasha
  2653 | D:3      | Killed Natasha
  3024 | D:4      | Noticed a slave
  3024 | D:4      | Noticed a slave
  3024 | D:4      | Noticed a slave
  3025 | D:4      | Noticed Pikel
  3036 | D:4      | Noticed a slave
  3068 | D:4      | Noticed Blork the orc
  3106 | D:4      | You fall into a shaft and drop 3 floors!
  3114 | D:7      | HP: 2/40 [big kobold (1)]
  3115 | D:7      | Slain by a kobold

Levels and vault maps discovered:
D:1:      dpeg_arrival_windows_large_door, layout_loops_ring
D:2:      layout_basic, nicolae_overflow_hidden_temple, bloody_trog,
          first_ration, minmay_door_square
D:3:      gammafunk_steamed_eel, layout_loops_ring, hex_large,
          minmay_misc_feat_tiny, uniq_natasha
D:4:      layout_loops_ring, corexii_item_surrounded_by_moat,
          minmay_manual_mess, uniq_blork_the_orc, uniq_pikel
D:7:      layout_loops_ring, ebering_ghost_inner_flame, the_bakery, uniq_joseph

Skill      XL: |  1  2  3  4  5 |
---------------+----------------+-----
Bows           | 3 4 5 |  5.9
Hexes          | 3 |  3.7
Spellcasting   | 2 |  2.2
Fighting       | |  1.0
Dodging        | |  1.3

Action                   |  1- 3 |  4- 6 || total
-------------------------+-------+-------++-------
Melee: Mace              |   100 |    55 ||   155
       Kick              |    18 |     7 ||    25
 Fire: Shortbow          |    48 |    68 ||   116
 Cast: Corona            |     2 |     1 ||     3
  Eat: Chunk             |     2 |     3 ||     5
Armor: Robe              |    83 |    24 ||   107
       Skin              |       |    10 ||    10
Dodge: Dodged            |    90 |    48 ||   138
